 Dungeon Crawl Stone Soup version 0.26.1-2-gb8aa6d0cf2 (webtiles) character file.

Game seed: 13151293557117647241

49 promet the Conjurer (level 3, 0/16 HPs)
             Began as a Vine Stalker Conjurer on Mar 7, 2021.
             Succumbed to an adder's poison
             ... on level 3 of the Dungeon on Mar 8, 2021.
             The game lasted 00:16:06 (2374 turns).

promet the Conjurer (Vine Stalker Conjurer)         Turns: 2374, Time: 00:16:07

Health: 0/16       AC:  3    Str:  6    XL:     3   Next: 77%
Magic:  0/8        EV: 12    Int: 18    God:
Gold:   106        SH:  0    Dex: 12    Spells: 4/7 levels left

rFire    . . .     SeeInvis +   s - +0 hand axe
rCold    . . .     Faith    .   (no shield)
rNeg     . . .     Spirit   +   i - +1 robe
rPois    .         Reflect  .   (no helmet)
rElec    .         Harm     .   (no cloak)
rCorr    .         Rampage  .   (no gloves)
Will     .....                  (no boots)
Stlth    ++........             (no amulet)
HPRegen  0.05/turn              c - ring of see invisible
MPRegen  0.11/turn              k - -4 ring of strength (curse)

@: lethally poisoned (0 -> -14)
A: fangs 2, magic shield, antimagic bite, no potion heal 3
a: no special abilities


You were on level 3 of the Dungeon.
You visited 1 branch of the dungeon, and saw 3 of its levels.

You collected 106 gold pieces.

Inventory:

Hand Weapons
 a - a +2 hunting sling of flaming
 b - a +0 spear
 r - a +0 mace
 s - a +0 hand axe (weapon)
Missiles
 e - 11 stones
 l - 26 arrows
 n - 28 bolts
Armour
 i - a +1 robe (worn)
Jewellery
 c - a ring of see invisible (left hand)
 k - a cursed -4 ring of strength (right hand)
Scrolls
 g - a scroll of remove curse
 q - a scroll of amnesia {unknown}
Potions
 d - a potion of might {unknown}
 f - a potion of degeneration {unknown}
 h - a potion of brilliance
 j - a potion of magic
 m - a potion of curing
 p - a potion of mutation {unknown}


   Skills:
 + Level 0.6 Polearms
 + Level 0.2 Slings
 + Level 1.9 Dodging
 + Level 2.4 Stealth
 * Level 2.9 Spellcasting
 + Level 4.5 Conjurations


You had 4 spell levels left.
You knew the following spells:

 Your Spells              Type           Power        Failure   Level
a - Magic Dart            Conj           72%          2%          1
b - Searing Ray           Conj           36%          3%          2

Your spell library contained the following spells:

 Spells                   Type           Power        Failure   Level
 Dazzling Flash           Conj/Hex       20%          19%         3
 Fulminant Prism          Conj/Hex       5%           54%         4
 Iskenderun's Mystic Bla  Conj/Tloc      10%          54%         4


Dungeon Overview and Level Annotations

Branches:
Dungeon (3/15)

Altars:


Innate Abilities, Weirdness & Mutations

You have extremely sharp teeth.
When hurt, damage is shared between your health and your magic reserves.
Your bite disrupts and absorbs the magic of your enemies.
Potions cannot restore your health.


Message History

The adder barely misses you. The adder bites you.
* * * LOW HITPOINT WARNING * * *
You are lethally poisoned!
The adder poisons you!
Casting: Searing Ray (safe; 3% risk of failure)
Confirm with . or Enter, or press ? or * to list all spells.
Aiming: Searing Ray (safe; 3% risk of failure)
Press: ? - help, Shift-Dir - straight line, f - adder
Aim: an adder (lightly wounded, 37% to evade)
The searing ray hits the adder!
The adder is almost dead. (Press . to maintain the ray.)
* * * LOW HITPOINT WARNING * * *
You feel sick. The adder bites you.
* * * LOW HITPOINT WARNING * * *
You are more poisoned.
The adder poisons you!
The searing ray hits the adder!
You kill the adder!
You die... ########## .......@.# >#######.# .# .# .# .# .# ##

There were no monsters in sight!

Vanquished Creatures
  An adder (D:3)
  An ooze (D:2)
  2 worms (D:2)
  A dart slug (D:2)
  5 orcs (D:3)
  3 giant cockroaches
  2 goblins (D:1)
  4 hobgoblins
  2 jackals (D:1)
  3 bats
  2 frilled lizards
  7 rats
33 creatures vanquished.

Notes
Turn   | Place    | Note
-------+----------+-------------------------------------------
     0 | D:1      | promet the Vine Stalker Conjurer began the quest for the
                  | Orb.
     0 | D:1      | Reached XP level 1. HP: 9/9 MP: 4/4
   409 | D:1      | Reached XP level 2. HP: 13/13 MP: 4/6
   806 | D:2      | Found a faded altar of an unknown god.
   840 | D:2      | Learned a level 2 spell: Searing Ray
  1144 | D:2      | Reached XP level 3. HP: 16/16 MP: 3/7
  2374 | D:3      | Succumbed to an adder's poison

Illustrated notes

Levels and vault maps discovered:
D:1:      lightli_arrival_quake, layout_loops_ring,
          chequers_serial_rivers_micro_e
D:2:      minmay_recursive_quarters, layout_loops_corners,
          chequers_ecumenical_altar_simple, kennysheep_generic_room_10
D:3:      layout_basic, nicolae_ru_path_of_blood, portal_sewer_entry_c,
          kennysheep_boxes

Action                   || total
-------------------------++-------
Melee: Spear             ||    12
       Bite              ||     2
       Hand axe          ||     1
 Fire: Hunting sling     ||    24
 Cast: Magic Dart        ||    26
       Searing Ray       ||     6
  Use: Scroll            ||     6
       Potion            ||     6
 Stab: Sleeping          ||     3
Armor: Robe              ||     1
Dodge: Dodged            ||    20
